General information
- name: BNet
- type: Ladder team game (AT/RT)
- host: Battle.net
- saver: Ze.Rath3isaFaig
map: Friends
- players: 8
- length: 26:47
- speed: Fast
- version: 1.23 W3XP
- replay type: Public
» download(239 KB)
Players
team 1 (loser)

»
Mr_Miley_Cyrus (
teal | 54 APM | 1443 actions | 26:33)
6 Far Seer
3 Feral Spirit
2 Chain Lighting
1 Earth Quake
» actions
| Assign group hotkey | 36 | |
| Basic commands | 30 | |
| Build / train | 96 | |
| Enter build submenu | 24 | |
| Enter hero's abilities submenu | 7 | |
| Remove unit from queue | 1 | |
| Right click | 279 | |
| Select / deselect | 308 | |
| Select group hotkey | 568 | |
| Use ability | 94 | |
1443 total
» units
| Peon | 17 | |
| Troll Headhunter/Berserker | 23 | |
| Troll Witch Doctor | 19 | |
| Shaman | 5 | |
64 total
» upgrades
| Spiked Barricades | 1 | |
| Ranged Weapons | 2 | |
| Armor | 1 | |
| Troll Regeneration | 1 | |
| Berserker Upgrade | 1 | |
| Witch Doctor Training | 2 | |
| Reinforced Defenses | 1 | |
| Shaman Training | 2 | |
11 total
» buildings
| Orc Burrow | 7 | |
| War Mill | 1 | |
| Barracks | 1 | |
| Altar of Storms | 1 | |
| Watch Tower | 8 | |
| Voodoo Lounge | 3 | |
| Stronghold | 1 | |
| Fortress | 1 | |
| Spirit Lodge | 2 | |
25 total
» build order
00:11 Orc Burrow
00:32 War Mill
01:06 Barracks
01:39 Altar of Storms
02:10 Orc Burrow
03:17 Orc Burrow
03:43 Watch Tower
04:12 Voodoo Lounge
04:25 Stronghold
04:48 Watch Tower
05:56 Watch Tower
06:48 Fortress
07:41 Spirit Lodge
09:01 Watch Tower
09:08 Watch Tower
09:22 Orc Burrow
10:23 Orc Burrow
10:57 Voodoo Lounge
11:26 Orc Burrow
11:31 Spirit Lodge
12:22 Watch Tower
15:21 Voodoo Lounge
15:33 Watch Tower
16:14 Watch Tower
16:41 Orc Burrow
» items
| Healing Salve | 2 | |
| Lesser Clarity Potion | 5 | |
| Scroll of Town Portal | 4 | |
11 total
DILBAR (
blue | 65 APM | 1742 actions | 26:45)
4 Death Knight
2 Death Coil
2 Unholy Aura
5 Lich
3 Frost Nova
2 Frost Armor
» actions
| Assign group hotkey | 39 | |
| Basic commands | 51 | |
| Build / train | 73 | |
| Enter build submenu | 23 | |
| Enter hero's abilities submenu | 9 | |
| Give item / drop item | 2 | |
| Remove unit from queue | 1 | |
| Right click | 776 | |
| Select / deselect | 335 | |
| Select group hotkey | 360 | |
| Use ability | 73 | |
1742 total
» units
| Acolyte | 8 | |
| Ghoul | 6 | |
| Crypt Fiend | 17 | |
| Frost Wyrm | 7 | |
38 total
» upgrades
| Web | 1 | |
| Creature Carapace | 1 | |
| Creature Attack | 1 | |
3 total
» buildings
| Graveyard | 1 | |
| Crypt | 1 | |
| Altar of Darkness | 1 | |
| Ziggurat | 7 | |
| Tomb of Relics | 1 | |
| Nerubian Tower | 2 | |
| Halls of the Dead | 1 | |
| Black Citadel | 1 | |
| Sacrificial Pit | 1 | |
| Boneyard | 3 | |
| Spirit Tower | 2 | |
21 total
» build order
00:07 Graveyard
00:12 Crypt
00:42 Altar of Darkness
00:59 Ziggurat
01:24 Tomb of Relics
01:56 Nerubian Tower
02:10 Ziggurat
04:23 Ziggurat
05:18 Halls of the Dead
06:04 Ziggurat
07:44 Black Citadel
08:46 Sacrificial Pit
10:45 Boneyard
11:27 Boneyard
11:34 Nerubian Tower
11:57 Ziggurat
12:00 Ziggurat
12:05 Ziggurat
12:08 Spirit Tower
18:46 Boneyard
22:02 Spirit Tower
» items
| Rod of Necromancy | 2 | |
| Orb of Corruption | 1 | |
| Scroll of Town Portal | 3 | |
| Potion of Healing | 2 | |
| Potion of Mana | 3 | |
11 total
Rinosoro (
yellow | 67 APM | 1789 actions | 26:40)
6 Dark Ranger
2 Black Arrow
3 Life Drain
1 Charm
3 Lich
2 Frost Nova
1 Dark Ritual
» actions
| Assign group hotkey | 46 | |
| Basic commands | 74 | |
| Build / train | 78 | |
| Enter build submenu | 28 | |
| Enter hero's abilities submenu | 9 | |
| Right click | 535 | |
| Select / deselect | 385 | |
| Select group hotkey | 506 | |
| Use ability | 128 | |
1789 total
» units
| Acolyte | 8 | |
| Ghoul | 8 | |
| Necromancer | 19 | |
| Obsidian Statue | 11 | |
46 total
» upgrades
| Skeletal Mastery | 1 | |
| Necromancer Training | 2 | |
| Destroyer Form | 1 | |
| Skeletal Longevity | 1 | |
| Creature Attack | 2 | |
| Banshee Training | 1 | |
| Creature Carapace | 1 | |
9 total
» buildings
| Altar of Darkness | 1 | |
| Ziggurat | 11 | |
| Tomb of Relics | 1 | |
| Crypt | 1 | |
| Nerubian Tower | 1 | |
| Halls of the Dead | 1 | |
| Graveyard | 1 | |
| Spirit Tower | 4 | |
| Black Citadel | 1 | |
| Temple of the Damned | 2 | |
| Slaughterhouse | 2 | |
26 total
» build order
00:09 Altar of Darkness
00:13 Ziggurat
00:25 Tomb of Relics
00:48 Crypt
01:08 Nerubian Tower
01:37 Ziggurat
02:31 Ziggurat
03:16 Ziggurat
03:50 Halls of the Dead
04:09 Graveyard
04:12 Ziggurat
04:14 Ziggurat
05:30 Spirit Tower
05:37 Spirit Tower
06:27 Ziggurat
06:31 Black Citadel
06:54 Temple of the Damned
08:58 Temple of the Damned
09:02 Slaughterhouse
09:03 Slaughterhouse
09:04 Spirit Tower
16:11 Ziggurat
16:12 Ziggurat
18:44 Spirit Tower
18:46 Ziggurat
18:50 Ziggurat
» items
| Dust of Appearance | 1 | |
| Sacrificial Skull | 1 | |
| Scroll of Town Portal | 3 | |
5 total
marivaldo (
green | 140 APM | 3716 actions | 26:36)
4 Far Seer
2 Feral Spirit
2 Chain Lighting
3 Shadow Hunter
2 Healing Wave
1 Serpent Ward
2 Tauren Chieftain
1 Endurance Aura
1 Shockwave
» actions
| Assign group hotkey | 70 | |
| Basic commands | 33 | |
| Build / train | 111 | |
| ESC pressed | 5 | |
| Enter build submenu | 27 | |
| Enter hero's abilities submenu | 10 | |
| Give item / drop item | 1 | |
| Remove unit from queue | 2 | |
| Right click | 1333 | |
| Select / deselect | 663 | |
| Select group hotkey | 1292 | |
| Use ability | 169 | |
3716 total
» units
| Peon | 10 | |
| Grunt | 11 | |
| Tauren | 19 | |
| Shaman | 10 | |
| Spirit Walker | 2 | |
52 total
» upgrades
| Shaman Training | 2 | |
| Melee Weapons | 2 | |
| Witch Doctor Training | 0 | |
| Pulverize | 1 | |
| Armor | 1 | |
| Spirit Walker Training | 1 | |
7 total
» buildings
| Altar of Storms | 1 | |
| Orc Burrow | 6 | |
| Barracks | 2 | |
| War Mill | 2 | |
| Voodoo Lounge | 1 | |
| Stronghold | 1 | |
| Watch Tower | 3 | |
| Fortress | 1 | |
| Spirit Lodge | 3 | |
| Tauren Totem | 3 | |
| Great Hall | 1 | |
24 total
» build order
00:17 Altar of Storms
01:42 Orc Burrow
01:46 Barracks
01:54 Barracks
02:16 Orc Burrow
02:27 War Mill
02:57 Voodoo Lounge
04:10 Stronghold
04:41 Watch Tower
04:52 Watch Tower
06:04 Orc Burrow
06:39 Orc Burrow
08:01 Fortress
09:21 Spirit Lodge
10:44 Tauren Totem
11:06 Tauren Totem
11:58 Great Hall
17:24 Orc Burrow
18:15 Orc Burrow
18:24 Spirit Lodge
18:35 Tauren Totem
24:22 War Mill
24:34 Spirit Lodge
24:57 Watch Tower
» items
| Rod of Necromancy | 1 | |
| Healing Salve | 2 | |
| Lesser Clarity Potion | 4 | |
| Scroll of Town Portal | 3 | |
| Scroll of Speed | 2 | |
| Potion of Healing | 1 | |
13 total
team 2 (winner)
x-sighz (
orange | 105 APM | 2819 actions | 26:46)
6 Far Seer
2 Feral Spirit
3 Chain Lighting
1 Earth Quake
6 Tauren Chieftain
2 War Stomp
3 Endurance Aura
1 Reincarnation
» actions
| Assign group hotkey | 62 | |
| Basic commands | 61 | |
| Build / train | 120 | |
| ESC pressed | 3 | |
| Enter build submenu | 17 | |
| Enter hero's abilities submenu | 12 | |
| Give item / drop item | 1 | |
| Remove unit from queue | 2 | |
| Right click | 1134 | |
| Select / deselect | 495 | |
| Select group hotkey | 668 | |
| Use ability | 244 | |
2819 total
» units
| Peon | 7 | |
| Grunt | 10 | |
| Raider | 3 | |
| Spirit Walker | 8 | |
| Kodo Beast | 3 | |
| Troll Headhunter/Berserker | 1 | |
| Demolisher | 4 | |
| Troll Witch Doctor | 4 | |
| Tauren | 1 | |
41 total
» upgrades
| Berserker Strength | 1 | |
| Spirit Walker Training | 2 | |
| Ensnare | 1 | |
| Armor | 1 | |
| Melee Weapons | 1 | |
| Pillage | 1 | |
| Ranged Weapons | 1 | |
| War Drums Damage Increase | 1 | |
| Witch Doctor Training | 2 | |
11 total
» buildings
| Altar of Storms | 1 | |
| Orc Burrow | 8 | |
| Barracks | 1 | |
| Stronghold | 3 | |
| Voodoo Lounge | 1 | |
| War Mill | 1 | |
| Beastiary | 1 | |
| Spirit Lodge | 2 | |
| Fortress | 4 | |
| Tauren Totem | 1 | |
23 total
» build order
00:09 Altar of Storms
00:21 Orc Burrow
00:36 Barracks
01:37 Orc Burrow
03:10 Stronghold
03:10 Stronghold
03:10 Stronghold
03:37 Orc Burrow
03:43 Voodoo Lounge
05:28 War Mill
05:38 Beastiary
05:40 Spirit Lodge
09:01 Orc Burrow
11:09 Orc Burrow
18:33 Orc Burrow
19:12 Spirit Lodge
19:17 Fortress
19:17 Fortress
19:18 Fortress
22:00 Tauren Totem
22:27 Orc Burrow
22:42 Orc Burrow
» items
| Lesser Clarity Potion | 4 | |
| Healing Salve | 3 | |
| Potion of Healing | 4 | |
| Scroll of Town Portal | 1 | |
| Scroll of Speed | 4 | |
16 total
Ze.Rath3isaFaig (
purple | 68 APM | 1834 actions | 26:47)
7 Priestess of the Moon
3 Trueshot Aura
3 Searing Arrows
1 Starfall
6 Dark Ranger
3 Black Arrow
2 Silence
1 Charm
6 Firelord
3 Summon Lava Spawn
2 Incinerate
1 Volcano
» actions
| Assign group hotkey | 33 | |
| Basic commands | 397 | |
| Build / train | 86 | |
| Enter build submenu | 21 | |
| Enter hero's abilities submenu | 20 | |
| Give item / drop item | 4 | |
| Remove unit from queue | 1 | |
| Right click | 534 | |
| Select / deselect | 374 | |
| Select group hotkey | 291 | |
| Use ability | 73 | |
1834 total
» units
| Wisp | 11 | |
| Archer | 13 | |
| Druid of the Talon | 3 | |
| Chimaera | 5 | |
| Hippogryph | 3 | |
| Dryad | 3 | |
38 total
» upgrades
| Improved Bows | 1 | |
| Marksmanship | 1 | |
| Strength of the Wild | 1 | |
| Corrosive Breath | 1 | |
| Abolish Magic | 1 | |
5 total
» buildings
| Altar of Elders | 1 | |
| Moon Well | 7 | |
| Ancient of War | 2 | |
| Tree of Ages | 1 | |
| Tree of Eternity | 1 | |
| Ancient of Wind | 1 | |
| Hunter's Hall | 1 | |
| Ancient of Wonders | 1 | |
| Chimaera Roost | 2 | |
| Ancient of Lore | 1 | |
| Ancient Protector | 2 | |
20 total
» build order
00:14 Altar of Elders
00:20 Moon Well
01:01 Ancient of War
01:32 Ancient of War
02:02 Moon Well
03:15 Moon Well
04:59 Tree of Ages
08:44 Tree of Eternity
08:46 Ancient of Wind
09:12 Hunter's Hall
09:16 Ancient of Wonders
11:06 Chimaera Roost
11:07 Chimaera Roost
12:22 Moon Well
12:24 Moon Well
12:27 Moon Well
12:31 Moon Well
21:59 Ancient of Lore
22:13 Ancient Protector
22:18 Ancient Protector
» items
| Scroll of Town Portal | 1 | |
| Healing Salve | 1 | |
| Scroll of Speed | 1 | |
| Potion of Healing | 2 | |
| Anti-magic Potion | 1 | |
| Orb of Venom | 1 | |
7 total

»
AznBoi.s_Wrath (
pink | 62 APM | 1649 actions | 26:46)
6 Mountain King
3 Storm Bolt
2 Bash
1 Avatar
5 Paladin
2 Holy Light
1 Divine Shield
2 Devotion Aura
» actions
| Assign group hotkey | 43 | |
| Basic commands | 5 | |
| Build / train | 83 | |
| ESC pressed | 4 | |
| Enter build submenu | 23 | |
| Enter hero's abilities submenu | 12 | |
| Right click | 889 | |
| Select / deselect | 261 | |
| Select group hotkey | 254 | |
| Use ability | 75 | |
1649 total
» units
| Peasant | 8 | |
| Rifleman | 12 | |
| Priest | 5 | |
| Sorceress | 2 | |
| Mortar Team | 5 | |
| Siege Engine | 7 | |
| Knight | 9 | |
48 total
» upgrades
| Long Rifles | 1 | |
| Gunpowder | 2 | |
| Flare | 1 | |
| Armor | 1 | |
| Fragmentation Shards | 1 | |
| Barrage | 1 | |
| Swords | 3 | |
| Plating | 2 | |
| Animal War Training | 1 | |
13 total
» buildings
| Altar of Kings | 1 | |
| Farm | 14 | |
| Blacksmith | 1 | |
| Lumber Mill | 1 | |
| Barracks | 1 | |
| Arcane Vault | 2 | |
| Scout Tower | 2 | |
| Guard Tower | 2 | |
| Keep | 1 | |
| Arcane Sanctum | 1 | |
| Workshop | 2 | |
| Castle | 1 | |
29 total
» build order
00:05 Altar of Kings
00:12 Farm
00:22 Blacksmith
00:51 Lumber Mill
01:50 Barracks
01:58 Farm
02:23 Arcane Vault
02:29 Scout Tower
02:41 Arcane Vault
02:48 Farm
03:00 Guard Tower
03:36 Farm
03:44 Scout Tower
04:11 Keep
04:55 Guard Tower
04:59 Farm
06:51 Arcane Sanctum
06:53 Workshop
09:11 Farm
09:12 Farm
10:30 Farm
10:31 Farm
11:36 Castle
11:47 Farm
13:31 Farm
13:32 Farm
13:32 Farm
15:37 Farm
17:27 Workshop
» items
| Scroll of Regeneration | 2 | |
| Scroll of Town Portal | 2 | |
| Potion of Healing | 1 | |
5 total
XFORFUNNOWX (
red | 60 APM | 1606 actions | 26:46)
6 Keeper of the Grove
3 Force of Nature
2 Entangling Roots
1 Tranquility
» actions
| Assign group hotkey | 40 | |
| Build / train | 74 | |
| ESC pressed | 2 | |
| Enter build submenu | 14 | |
| Enter hero's abilities submenu | 6 | |
| Remove unit from queue | 5 | |
| Right click | 643 | |
| Select / deselect | 324 | |
| Select group hotkey | 443 | |
| Use ability | 55 | |
1606 total
» units
| Wisp | 9 | |
| Huntress | 7 | |
| Archer | 10 | |
| Hippogryph | 21 | |
47 total
» upgrades
| Strength of the Moon | 3 | |
| Moon Armor | 3 | |
| Improved Bows | 1 | |
| Hippogryph Taming | 1 | |
| Marksmanship | 1 | |
9 total
» buildings
| Moon Well | 6 | |
| Altar of Elders | 1 | |
| Hunter's Hall | 1 | |
| Ancient of War | 2 | |
| Ancient Protector | 1 | |
| Tree of Ages | 1 | |
| Ancient of Wind | 2 | |
| Tree of Eternity | 3 | |
| Ancient of Lore | 1 | |
18 total
» build order
00:14 Moon Well
00:17 Altar of Elders
01:38 Hunter's Hall
01:48 Ancient of War
02:01 Moon Well
02:25 Ancient of War
02:36 Moon Well
03:06 Ancient Protector
06:28 Tree of Ages
06:32 Moon Well
08:53 Ancient of Wind
08:56 Ancient of Wind
09:13 Moon Well
11:46 Tree of Eternity
11:46 Tree of Eternity
11:46 Tree of Eternity
15:11 Moon Well
22:37 Ancient of Lore
» items
Chat log
(00:28 / Allies) XFORFUNNOWX: cc or rush?
(00:33 / Allies) x-sighz: rush
(00:38 / Allies) Ze.Rath3isaFaig: rush, but we cc along the way
(00:41 / Allies) x-sighz: u have no place to cc lol
(01:05 / Allies) XFORFUNNOWX: kotg and hunt
(01:09 / Allies) Ze.Rath3isaFaig: potm archers
(01:32 / Allies) XFORFUNNOWX: hero purp?
(01:36 / Allies) Ze.Rath3isaFaig: potm
(02:00 / All) DILBAR: hi
(02:36 / Allies) Ze.Rath3isaFaig: get that please
(03:20 / Allies) x-sighz: dont tank it
(03:58 / Allies) XFORFUNNOWX: b
(04:09 / Allies) x-sighz: b
(04:17 / Allies) Ze.Rath3isaFaig: coime
(04:19 / Allies) Ze.Rath3isaFaig: we hi tnow
(04:32 / Allies) XFORFUNNOWX: no undead
(04:38 / Allies) Ze.Rath3isaFaig: meet we cc that together
(04:38 / Allies) XFORFUNNOWX: hit from behind
(04:43 / Allies) XFORFUNNOWX: no undead
(04:46 / Allies) XFORFUNNOWX: oj
(04:51 / Allies) Ze.Rath3isaFaig: he's just hassing him lets og
(05:06 / Allies) Ze.Rath3isaFaig: listen to me red
(05:08 / Allies) Ze.Rath3isaFaig: we're ccing this shit right now
(05:45 / Allies) XFORFUNNOWX: no
(05:50 / Allies) Ze.Rath3isaFaig: get iover here
(05:51 / Allies) XFORFUNNOWX: hit now
(05:51 / Allies) Ze.Rath3isaFaig: right now
(05:54 / Allies) Ze.Rath3isaFaig: COME HERE
(05:55 / Allies) AznBoi.s_Wrath: sighs
(06:06 / Allies) Ze.Rath3isaFaig: god you kids make ma luagh
(06:32 / Allies) Ze.Rath3isaFaig: don't use that scroll until we're almost dead pelase
(06:37 / Allies) AznBoi.s_Wrath: sure is easy to draw when u have archers to spare...
(06:49 / Allies) Ze.Rath3isaFaig: you only have 3 units?
(06:50 / Allies) XFORFUNNOWX: stay on one side
(07:50 / Allies) Ze.Rath3isaFaig: use scroll now
(07:53 / Allies) Ze.Rath3isaFaig: in the middle
(08:00 / Allies) Ze.Rath3isaFaig: red
(08:02 / Allies) Ze.Rath3isaFaig: scorll in the middle
(08:06 / Allies) Ze.Rath3isaFaig: SCROLL NOW
(08:09 / Allies) Ze.Rath3isaFaig: god you're a bithc
(08:14 / Allies) Ze.Rath3isaFaig: oh nm
(08:52 / Allies) Ze.Rath3isaFaig: you even had the restoration lol
(09:47 / Allies) XFORFUNNOWX: stay together
(10:09 / All) Ze.Rath3isaFaig: ]
(11:14 / Allies) Ze.Rath3isaFaig: i'm rdy
(11:18 / Allies) Ze.Rath3isaFaig: same base?
(11:19 / Allies) x-sighz: hit?
(11:23 / Allies) Ze.Rath3isaFaig: we can main teal
(11:24 / Allies) XFORFUNNOWX: no
(11:26 / Allies) Ze.Rath3isaFaig: he's wide open
(11:37 / Allies) XFORFUNNOWX: he may have not of defense
(12:05 / Allies) Ze.Rath3isaFaig: cc this then we go back door agian
(12:30 / Allies) XFORFUNNOWX: oj
(12:42 / Allies) XFORFUNNOWX: hit this
(12:43 / Allies) Ze.Rath3isaFaig: lol
(12:45 / Allies) AznBoi.s_Wrath: net
(12:49 / Allies) Ze.Rath3isaFaig: no we're not going there
(13:09 / Allies) Ze.Rath3isaFaig: see just mort that shit and we're good
(13:12 / Allies) XFORFUNNOWX: mortar go
(13:34 / Allies) XFORFUNNOWX: b
(14:16 / Allies) x-sighz: kill units
(14:37 / Allies) Ze.Rath3isaFaig: out
(14:38 / Allies) Ze.Rath3isaFaig: get out
(14:40 / Allies) Ze.Rath3isaFaig: we can't go there again
(14:45 / Allies) Ze.Rath3isaFaig: we need dispell
(15:01 / Allies) XFORFUNNOWX: they have defense
(15:06 / Allies) Ze.Rath3isaFaig: you're not even tier 3 yet orange
(15:08 / Allies) Ze.Rath3isaFaig: no caseters?
(15:32 / Allies) Ze.Rath3isaFaig: better to fight here next time
(15:35 / Allies) Ze.Rath3isaFaig: but we need dispell
(16:14 / Allies) Ze.Rath3isaFaig: kill yards then out
(16:21 / Allies) XFORFUNNOWX: meet first
(16:30 / Allies) Ze.Rath3isaFaig: b
(16:31 / Allies) Ze.Rath3isaFaig: b
(16:31 / Allies) XFORFUNNOWX: b
(16:31 / Allies) Ze.Rath3isaFaig: b
(16:41 / Allies) XFORFUNNOWX: b
(17:03 / Allies) AznBoi.s_Wrath: KILL THE GROUND nerd
(17:17 / Allies) XFORFUNNOWX: hero
(17:23 / Allies) Ze.Rath3isaFaig: go
(17:42 / Allies) Ze.Rath3isaFaig: b
(18:11 / Allies) Ze.Rath3isaFaig: OUT
(18:13 / Allies) Ze.Rath3isaFaig: GET OUT NOW
(18:30 / Allies) Ze.Rath3isaFaig: not enough dispell god damnit
(19:01 / Allies) AznBoi.s_Wrath: id rather have casters
(19:08 / Allies) AznBoi.s_Wrath: bl than this shit
(19:09 / Allies) Ze.Rath3isaFaig: yeah ornage needs to go tier 3 man
(19:22 / Allies) Ze.Rath3isaFaig: meet we fight
(19:33 / All) Ze.Rath3isaFaig: c
(19:34 / Allies) Ze.Rath3isaFaig: come pink
(19:38 / Allies) AznBoi.s_Wrath: no bl no melee... wth
(19:41 / Allies) Ze.Rath3isaFaig: we figth ehre
(19:49 / Allies) Ze.Rath3isaFaig: go tanks
(19:55 / Allies) Ze.Rath3isaFaig: gogo fight
(20:35 / Allies) AznBoi.s_Wrath: oj
(20:37 / Allies) AznBoi.s_Wrath: ur ox
(20:39 / Allies) AznBoi.s_Wrath: blocking red.
(20:40 / Allies) AznBoi.s_Wrath: nvm
(20:46 / Allies) Ze.Rath3isaFaig: orange just sucks period
(20:57 / Allies) Ze.Rath3isaFaig: not a sinle caser
(21:20 / Allies) Ze.Rath3isaFaig: keep massing
(21:23 / Allies) Ze.Rath3isaFaig: we have unlimited gold mines
(21:32 / Allies) Ze.Rath3isaFaig: i have sf now
(21:47 / Allies) Ze.Rath3isaFaig: get us docs ornage
(21:50 / Allies) Ze.Rath3isaFaig: they can't dispell those easily
(22:20 / Allies) AznBoi.s_Wrath: if u get drys
(22:23 / Allies) AznBoi.s_Wrath: they cant hit u
(22:24 / Allies) Ze.Rath3isaFaig: i'm trying ot
(22:25 / Allies) AznBoi.s_Wrath: red. :)
(22:27 / Allies) AznBoi.s_Wrath: just my advice
(22:48 / Allies) Ze.Rath3isaFaig: we'll be ok
(22:53 / Allies) Ze.Rath3isaFaig: i'll use sf this time and we'll win
(23:03 / Allies) AznBoi.s_Wrath: better gert a potion
(23:05 / Allies) AznBoi.s_Wrath: invinc then
(23:14 / Allies) XFORFUNNOWX: hit?
(23:17 / Allies) Ze.Rath3isaFaig: already have it
(23:36 / Allies) x-sighz: heal ward is 30 sec
(23:39 / Allies) Ze.Rath3isaFaig: i have a level 6 and almost 2 level 5s lol
(23:50 / Allies) XFORFUNNOWX: go?
(23:53 / Allies) Ze.Rath3isaFaig: tanks up front
(23:54 / Allies) Ze.Rath3isaFaig: lets walk
(24:05 / Allies) Ze.Rath3isaFaig: meet here
(24:08 / Allies) Ze.Rath3isaFaig: we can't fuck this one up
(24:11 / Allies) x-sighz: wait buff first
(24:24 / Allies) Ze.Rath3isaFaig: red come wtf
(24:27 / Allies) Ze.Rath3isaFaig: red
(24:30 / Allies) Ze.Rath3isaFaig: get your anti magic poiton
(24:30 / All) Mr_Miley_Cyrus: oh hi there
(24:34 / Allies) Ze.Rath3isaFaig: buy here
(24:37 / Allies) Ze.Rath3isaFaig: you'll have mass healing
(24:39 / Allies) XFORFUNNOWX: donit use sf first
(24:43 / Allies) XFORFUNNOWX: let them tp first
(24:44 / Allies) AznBoi.s_Wrath: for ...
(24:48 / Allies) AznBoi.s_Wrath: the invis guy
(24:48 / Allies) Ze.Rath3isaFaig: nm he's not enve listening
(24:49 / Allies) Ze.Rath3isaFaig: let og
(24:49 / Allies) AznBoi.s_Wrath: whats his name
(24:50 / Allies) AznBoi.s_Wrath: shade.
(25:06 / Allies) XFORFUNNOWX: tank go
(25:09 / Allies) Ze.Rath3isaFaig: tank up fornt
(25:10 / Allies) XFORFUNNOWX: tankd irstr
(25:44 / Allies) XFORFUNNOWX: nice sf
(26:14 / All) Ze.Rath3isaFaig: welcome to the UNDERGROUND
(26:43 / All) DILBAR: gg, i fucked up, i hate u!!!!!!!!!!! lol :)